APP
PHILADELPHIA (APP) PHILLIES @ GRAND JUNCTION ROCKIES
09/06/2048
 
TOP OF THE 1ST
Philadelphia (APP) Phillies batting - Pitching for Grand Junction Rockies : LHP Ernesto Galindo
Pitching: LHP Ernesto Galindo
Batting: LHB Travis Hahn 0-0: Foul Ball, location: 2F
0-1: Ball
1-1: Ball
2-1: Ball
3-1: SOLO HOME RUN (Flyball, 9D, EV 101.2 MPH), Distance : 389 ft
Batting: RHB Dave Gallegos 0-0: Called Strike
0-1: Ground out 4-3 (Groundball, 4S, EV 85.0 MPH)
Batting: LHB Rich Kuehne 0-0: Ball
1-0: Ball
2-0: Called Strike
2-1: Swinging Strike
2-2: Ball
3-2: Ground out 4-3 (Groundball, 4M, EV 85.6 MPH)
Batting: RHB Joel Gomez 0-0: Called Strike
0-1: Called Strike
0-2: Ball
1-2: TRIPLE (Groundball, 3L, EV 105.0 MPH)
Batting: RHB Simon Mergeni 0-0: Called Strike
0-1: Ball
1-1: Ball
2-1: Ball
Passed Ball!
Joel Gomez scores
3-1: Foul Ball, location: 2F
3-2: Base on Balls
Batting: RHB Zach Slot 0-0: Ball
Passed Ball!
Simon Mergeni to second
1-0: Called Strike
1-1: Ball
Wild Pitch!
Simon Mergeni to third
2-1: Ball
3-1: Base on Balls
Batting: RHB Rafael Soto 0-0: Ball
Passed Ball!
Simon Mergeni scores
Zach Slot to second
1-0: Called Strike
1-1: Foul Ball, location: 2F
1-2: Strikes out swinging
Top of the 1st over - 3 runs, 2 hits, 0 errors, 1 left on base; Philadelphia (APP) 3 - Grand Junction 0
BOTTOM OF THE 1ST
Grand Junction Rockies batting - Pitching for Philadelphia (APP) Phillies : LHP Gilg Martin
Pitching: LHP Gilg Martin
Batting: RHB Ivan Castaneda 0-0: Called Strike
0-1: Foul Ball, location: 2F
0-2: Ball
1-2: Strikes out swinging
Batting: SHB Rich McDonald 0-0: Ball
1-0: Ball
2-0: SINGLE (Line Drive, 78S, EV 103.1 MPH)
Batting: RHB Justin Garrett 0-0: Called Strike
0-1: Ball
1-1: Foul Ball, location: 2F
1-2: Fly out, F7 (Flyball, 7D, EV 87.5 MPH)
Batting: RHB Josh Lofgreen 0-0: Called Strike
Rich McDonald steals 2nd base
0-1: Ball
1-1: Ball
2-1: Called Strike
2-2: Ball
3-2: Ground out 5-3 (Groundball, 56S, EV 71.9 MPH)
Bottom of the 1st over - 0 runs, 1 hit, 0 errors, 1 left on base; Philadelphia (APP) 3 - Grand Junction 0
TOP OF THE 2ND
Philadelphia (APP) Phillies batting - Pitching for Grand Junction Rockies : LHP Ernesto Galindo
Batting: LHB Jesse Haught 0-0: Called Strike
0-1: Ball
1-1: Ball
2-1: Ground out 6-3 (Groundball, 6S, EV 65.6 MPH)
Batting: RHB Allen Deschamps 0-0: Ball
1-0: SOLO HOME RUN (Flyball, 78XD, EV 109.4 MPH), Distance : 432 ft
Batting: LHB Travis Hahn 0-0: Ball
1-0: Ball
2-0: Foul Ball, location: 2F
2-1: Ball
3-1: Base on Balls
Batting: RHB Dave Gallegos 0-0: Ball
1-0: Foul Ball, location: 2F
1-1: Ball
2-1: SINGLE (Groundball, 34D, EV 98.8 MPH)
Travis Hahn to second
Runner from 2nd tries for 3rd, SAFE, throw by RF made to third
Batting: LHB Rich Kuehne 0-0: Called Strike
0-1: Foul Ball, location: 2F
0-2: SINGLE (Groundball, 6M, EV 82.5 MPH) (infield hit)
Travis Hahn scores
Dave Gallegos to second
Batting: RHB Joel Gomez 0-0: Called Strike
0-1: Ball
1-1: Ball
2-1: Fielders Choice at 2nd, 6-4 (Groundball, 56, EV 88.1 MPH)
Dave Gallegos to third
Batting: RHB Simon Mergeni 0-0: DOUBLE (Line Drive, 9LM, EV 87.5 MPH)
Dave Gallegos scores
Joel Gomez to third
Batting: RHB Zach Slot 0-0: DOUBLE (Flyball, 8LXD, EV 113.1 MPH)
Joel Gomez scores
Simon Mergeni scores
Pitching: RHP Tom Gentry
Batting: RHB Rafael Soto 0-0: Ball
Wild Pitch!
Zach Slot to third
1-0: Ball
Wild Pitch!
Zach Slot scores
2-0: SINGLE (Groundball, 6S, EV 68.1 MPH) (infield hit)
Batting: LHB Jesse Haught 0-0: Ball
1-0: Foul Ball, location: 2F
1-1: Ball
Wild Pitch!
Rafael Soto to second
2-1: Ball
Passed Ball!
Rafael Soto to third
3-1: Swinging Strike
3-2: Foul Ball, location: 2F
3-2: Base on Balls
Batting: RHB Allen Deschamps 0-0: Swinging Strike
0-1: Foul Ball, location: 2F
0-2: Strikes out swinging
Top of the 2nd over - 6 runs, 6 hits, 0 errors, 2 left on base; Philadelphia (APP) 9 - Grand Junction 0
BOTTOM OF THE 2ND
Grand Junction Rockies batting - Pitching for Philadelphia (APP) Phillies : LHP Gilg Martin
Batting: RHB Carlos Manriquez 0-0: Called Strike
0-1: Ground out 3-1 (Groundball, 34S, EV 88.1 MPH)
Batting: RHB Joe Shade 0-0: Ball
1-0: Swinging Strike
1-1: Ball
2-1: Foul Ball, location: 2F
2-2: Foul Ball, location: 2F
2-2: Strikes out swinging
Batting: RHB Edwin Bejarano 0-0: Ball
1-0: Fly out, F2 (Popup, 23F, EV 85.6 MPH)
Bottom of the 2nd over - 0 runs, 0 hits, 0 errors, 0 left on base; Philadelphia (APP) 9 - Grand Junction 0
TOP OF THE 3RD
Philadelphia (APP) Phillies batting - Pitching for Grand Junction Rockies : RHP Tom Gentry
Batting: LHB Travis Hahn 0-0: Ball
1-0: Called Strike
1-1: Foul Ball, location: 2F
1-2: Ball
2-2: Ball
3-2: Base on Balls
Batting: RHB Dave Gallegos 0-0: Called Strike
0-1: Ball
Passed Ball!
Travis Hahn to second
1-1: Called Strike
1-2: Ball
2-2: Ball
3-2: Base on Balls
Batting: LHB Rich Kuehne Balk!
Travis Hahn to third
Dave Gallegos to second
0-0: Ball
Passed Ball!
Travis Hahn scores
Dave Gallegos to third
1-0: Ball
2-0: Foul Ball, location: 2F
2-1: Swinging Strike
Passed Ball!
Dave Gallegos scores
2-2: Ball
3-2: Foul Ball, location: 2F
3-2: Base on Balls
Pitching: RHP Mike Chiquete
Batting: RHB Joel Gomez 0-0: Ball
1-0: Ball
2-0: Called Strike
2-1: Called Strike
2-2: Ball
Wild Pitch!
Rich Kuehne to second
3-2: Foul Ball, location: 2F
3-2: Base on Balls
Batting: RHB Simon Mergeni 0-0: Ball
1-0: Ball
2-0: Foul Ball, location: 2F
2-1: Swinging Strike
2-2: SINGLE (Groundball, 6MD, EV 102.5 MPH)
Rich Kuehne to third
Joel Gomez to second
Batting: RHB Zach Slot 0-0: Called Strike
0-1: Called Strike
0-2: Ball
Passed Ball!
Rich Kuehne scores
Joel Gomez to third
Simon Mergeni to second
1-2: Ball
2-2: Foul Ball, location: 2F
2-2: Ball
3-2: Base on Balls
Pitching: RHP Jerry Dunne
Batting: RHB Rafael Soto 0-0: Ball
1-0: Foul Ball, location: 2F
1-1: Called Strike
1-2: Strikes out swinging
Batting: LHB Jesse Haught 0-0: Ball
1-0: Ball
2-0: Ball
Passed Ball!
Joel Gomez scores
Simon Mergeni to third
Zach Slot to second
3-0: Base on Balls
Batting: RHB Allen Deschamps 0-0: Ball
Passed Ball!
Simon Mergeni scores
Zach Slot to third
Jesse Haught to second
1-0: Foul Ball, location: 2F
1-1: Ball
Wild Pitch!
Zach Slot scores
Jesse Haught to third
2-1: Foul Ball, location: 2F
2-2: Foul Ball, location: 2F
2-2: Reached on error, E6 (Groundball, 6S, EV 72.5 MPH)
Jesse Haught scores
Batting: LHB Travis Hahn 0-0: Swinging Strike
0-1: Ball
1-1: Ball
2-1: Fielders Choice at 2nd, 5-4 (Groundball, 56S, EV 85.0 MPH)
Batting: RHB Dave Gallegos 0-0: Foul Ball, location: 2F
0-1: Ball
1-1: Ball
2-1: Foul Ball, location: 2F
2-2: Foul Ball, location: 2F
2-2: Ball
3-2: Foul Ball, location: 2F
3-2: SINGLE (Groundball, 6M, EV 80.6 MPH) (infield hit)
Travis Hahn to second
Pitching: RHP Julio Marquez
Batting: LHB Rich Kuehne 0-0: Called Strike
0-1: Swinging Strike
0-2: Foul Ball, location: 2F
0-2: Foul Ball, location: 2F
0-2: Ground out 1-3 (Groundball, P, EV 68.8 MPH)
Top of the 3rd over - 7 runs, 2 hits, 1 error, 2 left on base; Philadelphia (APP) 16 - Grand Junction 0
BOTTOM OF THE 3RD
Grand Junction Rockies batting - Pitching for Philadelphia (APP) Phillies : LHP Gilg Martin
Batting: SHB J.D. Newman 0-0: Swinging Strike
0-1: Swinging Strike
0-2: Strikes out looking
Batting: RHB Xavier Williams 0-0: Ball
1-0: Called Strike
1-1: Foul Ball, location: 2F
1-2: Foul Ball, location: 2F
1-2: Strikes out swinging
Batting: RHB Ivan Castaneda 0-0: Called Strike
0-1: Ball
1-1: Swinging Strike
1-2: Ball
2-2: Strikes out looking
Bottom of the 3rd over - 0 runs, 0 hits, 0 errors, 0 left on base; Philadelphia (APP) 16 - Grand Junction 0
TOP OF THE 4TH
Philadelphia (APP) Phillies batting - Pitching for Grand Junction Rockies : RHP Julio Marquez
Batting: RHB Joel Gomez 0-0: Ball
1-0: Foul Ball, location: 2F
1-1: Ball
2-1: Ball
3-1: Foul Ball, location: 2F
3-2: Base on Balls
Batting: RHB Simon Mergeni 0-0: Foul Ball, location: 2F
0-1: Swinging Strike
0-2: Strikes out swinging
Batting: RHB Zach Slot 0-0: Called Strike
0-1: Ball
Passed Ball!
Joel Gomez to second
1-1: Ball
2-1: Foul Ball, location: 2F
2-2: Ground out 4-3 (Groundball, 4, EV 78.8 MPH)
Joel Gomez to third
Pitching: LHP Omar Samario
Batting: RHB Rafael Soto 0-0: Called Strike
0-1: SINGLE (Line Drive, 8LS, EV 100.6 MPH)
Joel Gomez scores
Batting: LHB Jesse Haught 0-0: Foul Ball, location: 2F
0-1: Ball
1-1: 2-RUN HOME RUN (Flyball, 89XD, EV 111.2 MPH), Distance : 446 ft
Batting: RHB Allen Deschamps 0-0: Ball
1-0: Ball
2-0: Foul Ball, location: 2F
2-1: Ball
3-1: Base on Balls
Batting: LHB Travis Hahn 0-0: Ball
Passed Ball!
Allen Deschamps to second
1-0: SINGLE (Groundball, 34D, EV 94.4 MPH)
Allen Deschamps to third
Runner from 3rd tries for Home, SAFE, throw by RF to home
Batting: RHB Dave Gallegos 0-0: Foul Ball, location: 2F
0-1: Swinging Strike
0-2: Ball
1-2: SINGLE (Groundball, 56D, EV 108.8 MPH)
Travis Hahn to second
Batting: LHB Rich Kuehne 0-0: Ball
1-0: Foul Ball, location: 2F
1-1: Foul Ball, location: 2F
1-2: 3-RUN HOME RUN (Flyball, 7D, EV 103.8 MPH), Distance : 389 ft
Pitching: LHP Mike Pierce
Batting: RHB Joel Gomez 0-0: Ball
1-0: Ball
2-0: Foul Ball, location: 2F
2-1: Swinging Strike
2-2: Ball
3-2: SOLO HOME RUN (Flyball, 78XD, EV 111.2 MPH), Distance : 441 ft
Batting: RHB Simon Mergeni 0-0: Ball
1-0: Ball
2-0: Ball
3-0: Called Strike
3-1: Ground out 3-1 (Groundball, 34S, EV 86.2 MPH)
Top of the 4th over - 8 runs, 6 hits, 0 errors, 0 left on base; Philadelphia (APP) 24 - Grand Junction 0
BOTTOM OF THE 4TH
Grand Junction Rockies batting - Pitching for Philadelphia (APP) Phillies : LHP Gilg Martin
Batting: SHB Rich McDonald 0-0: Ball
1-0: Ball
2-0: Fly out, F4 (Line Drive, 4, EV 71.9 MPH)
Batting: RHB Justin Garrett 0-0: Swinging Strike
0-1: Ball
1-1: Foul Ball, location: 2F
1-2: Ball
2-2: Ball
3-2: TRIPLE (Flyball, 78XD, EV 95.0 MPH)
Batting: RHB Josh Lofgreen 0-0: Called Strike
0-1: Swinging Strike
0-2: Foul Ball, location: 2F
0-2: Strikes out swinging
Batting: RHB Carlos Manriquez 0-0: Ball
1-0: Ground out 5-3 (Groundball, 25, EV 93.8 MPH)
Bottom of the 4th over - 0 runs, 1 hit, 0 errors, 1 left on base; Philadelphia (APP) 24 - Grand Junction 0
TOP OF THE 5TH
Philadelphia (APP) Phillies batting - Pitching for Grand Junction Rockies : LHP Mike Pierce
Batting: RHB Zach Slot 0-0: Foul Ball, location: 2F
0-1: SINGLE (Flyball, 56D, EV 82.5 MPH)
Batting: RHB Rafael Soto 0-0: SINGLE (Line Drive, 34, EV 103.8 MPH)
Zach Slot to second
Batting: LHB Jesse Haught 0-0: Called Strike
0-1: Ball
1-1: Ball
2-1: Fly out, F8 (Flyball, 78M, EV 91.9 MPH)
Batting: RHB Allen Deschamps 0-0: Foul Ball, location: 2F
0-1: Called Strike
0-2: SINGLE (Flyball, 89S, EV 78.8 MPH)
Zach Slot to third
Rafael Soto to second
Batting: LHB Travis Hahn 0-0: Ball
1-0: Called Strike
1-1: Ball
Wild Pitch!
Zach Slot scores
Rafael Soto to third
Allen Deschamps to second
2-1: SINGLE (Groundball, 4, EV 96.9 MPH)
Rafael Soto scores
Allen Deschamps to third
Runner from 3rd tries for Home, SAFE, throw by CF to home
Batting: RHB Dave Gallegos 0-0: Ball
Passed Ball!
Travis Hahn to second
1-0: Foul Ball, location: 2F
1-1: Called Strike
1-2: Foul Ball, location: 2F
1-2: Ground out 1-3 (Groundball, 13, EV 67.5 MPH)
Travis Hahn to third
Batting: LHB Rich Kuehne 0-0: Ball
1-0: Ball
2-0: Foul Ball, location: 2F
2-1: Called Strike
2-2: Ball
Passed Ball!
Travis Hahn scores
3-2: Foul Ball, location: 2F
3-2: Ground out 6-3 (Groundball, 6, EV 84.4 MPH)
Top of the 5th over - 4 runs, 4 hits, 0 errors, 0 left on base; Philadelphia (APP) 28 - Grand Junction 0
BOTTOM OF THE 5TH
Grand Junction Rockies batting - Pitching for Philadelphia (APP) Phillies : LHP Gilg Martin
Batting: RHB Joe Shade 0-0: Foul Ball, location: 2F
0-1: Swinging Strike
0-2: Ball
1-2: Foul Ball, location: 2F
1-2: Ball
2-2: Ball
3-2: Base on Balls
Batting: RHB Edwin Bejarano 0-0: Ball
1-0: Ball
2-0: Swinging Strike
2-1: Fly out, F9 (Flyball, 9LM, EV 87.5 MPH)
Batting: SHB J.D. Newman 0-0: Ball
1-0: Called Strike
1-1: Foul Ball, location: 2F
1-2: Ball
2-2: Fly out, F9 (Flyball, 9, EV 83.8 MPH)
Batting: RHB Xavier Williams Balk!
Joe Shade to second
0-0: Called Strike
0-1: Swinging Strike
0-2: Strikes out swinging
Bottom of the 5th over - 0 runs, 0 hits, 0 errors, 1 left on base; Philadelphia (APP) 28 - Grand Junction 0
TOP OF THE 6TH
Philadelphia (APP) Phillies batting - Pitching for Grand Junction Rockies : LHP Mike Pierce
Batting: RHB Joel Gomez 0-0: Called Strike
0-1: DOUBLE (Line Drive, 3D, EV 107.5 MPH)
Batting: RHB Simon Mergeni 0-0: Fly out, F8 (Flyball, 8LM, EV 83.8 MPH)
DELAY Rain delay of 17 minutes in the 6th inning.
Batting: RHB Zach Slot 0-0: Ball
Wild Pitch!
Joel Gomez to third
1-0: Foul Ball, location: 2F
1-1: Foul Ball, location: 2F
1-2: Ball
2-2: Reached on error, E6 (Groundball, 56, EV 91.2 MPH)
Joel Gomez scores
Batting: RHB Rafael Soto 0-0: Swinging Strike
0-1: Fly out, F7 (Flyball, 7LM, EV 80.6 MPH)
Batting: LHB Jesse Haught 0-0: SINGLE (Flyball, 8LM, EV 84.4 MPH)
Zach Slot to third
Runner from 3rd tries for Home, SAFE, throw by CF to home
Batting: RHB Allen Deschamps 0-0: Fielders Choice at 2nd, 6-4 (Groundball, 6, EV 85.6 MPH)
Top of the 6th over - 2 runs, 2 hits, 1 error, 1 left on base; Philadelphia (APP) 30 - Grand Junction 0
BOTTOM OF THE 6TH
Grand Junction Rockies batting - Pitching for Philadelphia (APP) Phillies : LHP Gilg Martin
Batting: RHB Ivan Castaneda 0-0: Ball
1-0: Ground out U3 (Groundball, 34, EV 84.4 MPH)
Batting: SHB Rich McDonald 0-0: Called Strike
0-1: Called Strike
0-2: Foul Ball, location: 2F
0-2: Foul Ball, location: 2F
0-2: Ball
1-2: Strikes out swinging
Batting: RHB Justin Garrett 0-0: SOLO HOME RUN (Flyball, 7D, EV 109.4 MPH), Distance : 409 ft
Batting: RHB Josh Lofgreen 0-0: Ball
1-0: Swinging Strike
1-1: Called Strike
1-2: Ball
2-2: Ball
3-2: Base on Balls
Pitching: RHP Hugo Rodriguez
Batting: RHB Carlos Manriquez 0-0: Called Strike
0-1: SINGLE (Line Drive, 9S, EV 108.8 MPH)
Josh Lofgreen to second
Runner from 2nd tries for 3rd, SAFE, throw by RF made to third
Batting: RHB Joe Shade 0-0: Fielders Choice at 2nd, 5-4 (Groundball, 56, EV 81.2 MPH)
Bottom of the 6th over - 1 run, 2 hits, 0 errors, 2 left on base; Philadelphia (APP) 30 - Grand Junction 1
TOP OF THE 7TH
Philadelphia (APP) Phillies batting - Pitching for Grand Junction Rockies : LHP Mike Pierce
Pinch Hitting: LHB Victor Estrada 0-0: SINGLE (Line Drive, 8RS, EV 86.9 MPH)
Batting: RHB Dave Gallegos 0-0: Fly out, F7 (Flyball, 7LD, EV 98.8 MPH)
Pinch Hitting: RHB Juan Valadez 0-0: Ball
1-0: TRIPLE (Groundball, 3L, EV 108.1 MPH)
Victor Estrada scores
Batting: RHB Joel Gomez 0-0: Ground out 6-3 (Groundball, 6, EV 109.4 MPH)
Juan Valadez scores
Batting: RHB Simon Mergeni 0-0: Fly out, F9 (Flyball, 89D, EV 90.0 MPH)
Top of the 7th over - 2 runs, 2 hits, 0 errors, 0 left on base; Philadelphia (APP) 32 - Grand Junction 1
BOTTOM OF THE 7TH
Grand Junction Rockies batting - Pitching for Philadelphia (APP) Phillies : RHP Hugo Rodriguez
Now at 2B: Victor Estrada
Now in LF: Jesse Haught
Now in CF: Juan Valadez
Batting: RHB Edwin Bejarano 0-0: Called Strike
0-1: Foul Ball, location: 2F
0-2: Foul Ball, location: 2F
0-2: Foul Ball, location: 2F
0-2: Strikes out swinging
Batting: SHB J.D. Newman 0-0: Foul Ball, location: 2F
0-1: Foul Ball, location: 2F
0-2: Foul Ball, location: 2F
0-2: Foul Ball, location: 2F
0-2: Strikes out swinging
Batting: RHB Xavier Williams 0-0: Ground out 5-3 (Groundball, 56S, EV 88.8 MPH)
Bottom of the 7th over - 0 runs, 0 hits, 0 errors, 0 left on base; Philadelphia (APP) 32 - Grand Junction 1
TOP OF THE 8TH
Philadelphia (APP) Phillies batting - Pitching for Grand Junction Rockies : LHP Mike Pierce
Batting: RHB Zach Slot 0-0: Swinging Strike
0-1: Ball
1-1: Ball
2-1: Foul Ball, location: 2F
2-2: Strikes out swinging
Batting: RHB Rafael Soto 0-0: Ball
1-0: Ball
2-0: SOLO HOME RUN (Flyball, 7D, EV 105.0 MPH), Distance : 418 ft
Batting: LHB Jesse Haught 0-0: Ground out U3 (Groundball, 3, EV 78.1 MPH)
Batting: RHB Allen Deschamps 0-0: DOUBLE (Line Drive, 89XD, EV 108.8 MPH)
Batting: LHB Victor Estrada 0-0: Fly out, F8 (Flyball, 8RD, EV 105.6 MPH)
Top of the 8th over - 1 run, 2 hits, 0 errors, 1 left on base; Philadelphia (APP) 33 - Grand Junction 1
BOTTOM OF THE 8TH
Grand Junction Rockies batting - Pitching for Philadelphia (APP) Phillies : RHP Hugo Rodriguez
Batting: RHB Ivan Castaneda 0-0: Foul Ball, location: 2F
0-1: Ball
1-1: Ball
2-1: Foul Ball, location: 2F
2-2: Foul Ball, location: 2F
2-2: Strikes out swinging
Batting: SHB Rich McDonald 0-0: Called Strike
0-1: Ball
1-1: Ground out 4-3 (Groundball, 4M, EV 101.2 MPH)
Batting: RHB Justin Garrett 0-0: Foul Ball, location: 2F
0-1: Called Strike
0-2: Fly out, F6 (Line Drive, 6, EV 72.5 MPH)
Bottom of the 8th over - 0 runs, 0 hits, 0 errors, 0 left on base; Philadelphia (APP) 33 - Grand Junction 1
TOP OF THE 9TH
Philadelphia (APP) Phillies batting - Pitching for Grand Junction Rockies : LHP Mike Pierce
Batting: RHB Dave Gallegos 0-0: Called Strike
0-1: Ball
1-1: SINGLE (Groundball, 6M, EV 95.0 MPH)
Batting: RHB Juan Valadez 0-0: Ball
1-0: Ball
2-0: Ball
3-0: Called Strike
3-1: Base on Balls
Dave Gallegos to second
Batting: RHB Joel Gomez 0-0: Foul Ball, location: 2F
0-1: Foul Ball, location: 2F
0-2: Foul Ball, location: 2F
0-2: 3-RUN HOME RUN (Flyball, 7LD, EV 100.6 MPH), Distance : 392 ft
Batting: RHB Simon Mergeni 0-0: Ball
1-0: Ball
2-0: Ball
3-0: Base on Balls
Batting: RHB Zach Slot 0-0: Swinging Strike
0-1: Ball
Passed Ball!
Simon Mergeni to second
1-1: Foul Ball, location: 2F
1-2: Foul Ball, location: 2F
1-2: Fly out, F7 (Flyball, 7, EV 88.8 MPH)
Batting: RHB Rafael Soto 0-0: Foul Ball, location: 2F
0-1: Swinging Strike
0-2: Ball
Passed Ball!
Simon Mergeni to third
1-2: Ball
Passed Ball!
Simon Mergeni scores
2-2: Foul Ball, location: 2F
2-2: Ball
3-2: Foul Ball, location: 2F
3-2: Foul Ball, location: 2F
3-2: Strikes out swinging
Batting: LHB Jesse Haught 0-0: Ball
1-0: Ball
2-0: Swinging Strike
2-1: Ball
3-1: SINGLE (Groundball, 34D, EV 107.5 MPH)
Batting: RHB Allen Deschamps 0-0: DOUBLE (Line Drive, 89D, EV 100.6 MPH)
Jesse Haught to third
Batting: LHB Victor Estrada 0-0: Ball
Passed Ball!
Jesse Haught scores
Allen Deschamps to third
1-0: Ground out 5-3 (Groundball, 56, EV 81.9 MPH)
Top of the 9th over - 5 runs, 4 hits, 0 errors, 1 left on base; Philadelphia (APP) 38 - Grand Junction 1
BOTTOM OF THE 9TH
Grand Junction Rockies batting - Pitching for Philadelphia (APP) Phillies : RHP Hugo Rodriguez
Batting: RHB Josh Lofgreen 0-0: Ball
1-0: Swinging Strike
1-1: Ball
2-1: Foul Ball, location: 2F
2-2: Ground out 1-3 (Groundball, 13S, EV 68.1 MPH)
Batting: RHB Carlos Manriquez 0-0: SINGLE (Line Drive, 89S, EV 105.0 MPH)
Pitching: RHP Tim Starks
Batting: RHB Joe Shade 0-0: Foul Ball, location: 2F
0-1: Called Strike
0-2: Foul Ball, location: 2F
0-2: Ball
1-2: Ball
2-2: Foul Ball, location: 2F
2-2: Ball
3-2: Strikes out swinging
Carlos Manriquez steals 2nd base (no throw)
Batter strikes out.
Batting: RHB Edwin Bejarano 0-0: Called Strike
0-1: Ball
1-1: Called Strike
1-2: Ball
2-2: Strikes out swinging
Bottom of the 9th over - 0 runs, 1 hit, 0 errors, 1 left on base; Philadelphia (APP) 38 - Grand Junction 1
Tuesday, March 28th , 2023 - OOTP Baseball 23.10 Build 110